 Dungeon Crawl Stone Soup version 0.17-a0-2098-gf59d6bc (webtiles) character file.

1232 4thArraOfDagon the Chopper (level 8, 0/74 HPs)
             Began as a Deep Dwarf Fighter on Oct 17, 2015.
             Slain by a troll (3 damage)
             ... on level 10 of the Dungeon.
             The game lasted 00:06:55 (1160 turns).

4thArraOfDagon the Chopper (Deep Dwarf Fighter)     Turns: 1160, Time: 00:06:55

Health: 0/74       AC: 10    Str: 24    XL:     8   Next: 24%
Magic:  6/6        EV:  6    Int: 12    God:
Gold:   100        SH:  9    Dex: 12    Spells: 0 memorised, 7 levels left

rFire  . . .     SeeInvis .     j - +0 hand axe (chop)
rCold  . . .     Clarity  .     y - +0 chain mail
rNeg   . . .     SustAt   .     c - +0 shield
rPois  .         Gourm    .     (no helmet)
rElec  .         Spirit   .     (no cloak)
rCorr  .         Warding  .     (no gloves)
rMut   .         Stasis   .     (no boots)
MR     +....                    (no amulet)
Stlth  ..........               (no ring)
                                a - ring of loudness (curse)

@: mighty, non-regenerating, somewhat resistant to hostile enchantments,
extremely unstealthy
A: damage resistance, recharge devices, sense surroundings 1, slow regeneration
3
a: Device Recharging


You were on level 10 of the Dungeon.
You were very hungry.

You visited 1 branch of the dungeon, and saw 10 of its levels.

You collected 100 gold pieces.

Inventory:

Hand Weapons
 j - a +0 hand axe of chopping (weapon)
 r - the +5 long sword of Balifor {flame, Str+5 Dex+3}
   (You found it on level 6 of the Dungeon)

   It has been specially enchanted to burn those struck by it, causing extra
   injury to most foes and up to half again as much damage against particularly
   susceptible opponents.
   Big, fiery blades are also staple armaments of hydra-hunters.
   It affects your strength (+5).
   It affects your dexterity (+3).
 v - a +0 war axe
Armour
 c - a +0 shield (worn)
 y - a +0 chain mail (worn)
Jewellery
 a - a cursed ring of loudness (left hand)
Wands
 e - a wand of heal wounds (0)
 p - a wand of cold (0)
Scrolls
 b - a scroll of magic mapping {unknown}
 g - 3 scrolls of identify {unknown}
 h - 4 scrolls of teleportation
 i - 3 scrolls of remove curse {unknown}
 m - 2 scrolls of recharging {unknown}
 s - a scroll of summoning {unknown}
 t - a scroll of amnesia {unknown}
 z - a scroll of immolation {unknown}
Potions
 k - a potion of magic {unknown}
 l - a potion of berserk rage {unknown}
 n - a potion of flight {unknown}
 o - 2 potions of haste {unknown}
 q - a potion of agility {unknown}
 u - a potion of degeneration {unknown}
 w - a potion of brilliance {unknown}
Comestibles
 f - 2 bread rations
 x - a meat ration


   Skills:
 + Level 5.1 Fighting
 * Level 7.6 Axes
 + Level 6.2 Armour
 - Level 3.2 Shields
 + Level 3.5 Evocations


You had 7 spell levels left.
You didn't know any spells.

Dungeon Overview and Level Annotations

Branches:
Dungeon (10/15)
 Temple: D:4-7         Lair: D:8-11         Orc: D:9-12

Altars:
Cheibriados
Okawaru


Innate Abilities, Weirdness & Mutations

You are resistant to damage.
You can recharge devices by infusing magical energy.
You passively map a small area around you.
You do not regenerate naturally.


Message History

Your shield and chain mail prevent you from hitting the centaur.
The centaur is severely wounded.
The centaur barely misses you. The troll bites you but does no damage.
You block the troll's attack. x2
The centaur hits you but does no damage.
The hill giant hits you with a giant club!!
* * * LOW HITPOINT WARNING * * *
Unknown command.
Unknown command.
You hit the hill giant.
The hill giant is heavily wounded.
You hit the troll.
The troll is moderately wounded.
You barely miss the centaur.
The centaur is severely wounded.
The centaur hits you but does no damage.
The troll barely misses you. The troll claws you!
* * * LOW HITPOINT WARNING * * *
The troll claws you.
You die...

########.#####
* , #.....# *
#####t## *
#..## , , ,,*
##..### * *
##...# * ###t#
* * * #T# , ,,
, #@# * ***
#..Cc..# *
#..........#
#..........#
###......###
######## *


You could see a hill giant, a troll, a crocodile and a centaur.

Vanquished Creatures
  A wyvern (D:6)
  A human (D:8)
  A black bear (D:8)
  An eye of draining (D:10)
  An ogre (D:6)
  3 centaurs
  A big kobold (D:7)
  2 giant frogs (D:10)
  A scorpion (D:6)
  An orc priest (D:5)
  2 hounds
  A worker ant (D:6)
  A hound zombie (D:7)
  An adder (D:3)
  A shadow imp (D:8)
  5 orcs
  A hobgoblin (D:3)
  A jackal (D:3)
  A quokka (D:8)
  2 bats (D:2)
  3 giant geckos
  2 giant newts
  3 kobolds
  3 rats
40 creatures vanquished.

Notes
Turn   | Place    | Note
--------------------------------------------------------------
     0 | D:1      | 4thArraOfDagon the Deep Dwarf Fighter began the quest for the Orb.
     0 | D:1      | Reached XP level 1. HP: 20/20 MP: 1/1
   154 | D:3      | Reached XP level 2. HP: 24/27 MP: 2/2
   345 | D:5      | Entered Level 5 of the Dungeon
   379 | D:6      | Noticed a wyvern
   387 | D:6      | Killed a wyvern
   387 | D:6      | Reached skill level 4 in Axes
   387 | D:6      | Reached XP level 3. HP: 32/34 MP: 3/3
   387 | D:6      | Reached XP level 4. HP: 40/43 MP: 4/4
   387 | D:6      | Reached XP level 5. HP: 45/49 MP: 5/5
   390 | D:6      | Noticed an ogre
   404 | D:6      | Noticed an ice beast
   427 | D:6      | Noticed an ogre
   427 | D:6      | Noticed a scorpion
   459 | D:6      | Killed a scorpion
   459 | D:6      | Reached skill level 5 in Axes
   468 | D:6      | Killed an ogre
   468 | D:6      | Reached XP level 6. HP: 20/57 MP: 6/6
   508 | D:6      | Got an iridescent long sword
   511 | D:6      | Identified the +5 long sword of Balifor {flame, Str+5 Dex+3} (You found it on level 6 of the Dungeon)
   625 | D:6      | Found a snail-covered altar of Cheibriados.
   634 | D:6      | Noticed an orc warrior
   675 | D:7      | Reached skill level 5 in Armour
   741 | D:8      | Reached skill level 6 in Axes
   741 | D:8      | Reached XP level 7. HP: 29/66 MP: 5/5
   803 | D:8      | Noticed a human
   814 | D:8      | Reached skill level 1 in Evocations
   823 | D:8      | Killed a human
   845 | D:8      | Found an iron altar of Okawaru.
   921 | D:8      | Reached skill level 7 in Axes
  1017 | D:9      | Noticed a yak
  1042 | D:10     | Entered Level 10 of the Dungeon
  1060 | D:10     | Reached XP level 8. HP: 42/73 MP: 1/6
  1067 | D:10     | Reached skill level 5 in Fighting
  1114 | D:10     | Noticed a troll
  1149 | D:10     | Noticed a hill giant
  1160 | D:10     | HP: 3/74 [troll (7)]
  1160 | D:10     | Slain by a troll

Vault maps used:
D:1:      dpeg_arrival_pits, minmay_misc_feat_more_columns,
          minmay_strange_pillars
D:2:      kennysheep_six_static_rooms, first_bread
D:3:      lemuel_upstairs_altar, st_stairs_3, kennysheep_generic_room_7
D:4:      minmay_door_path, lemuel_doored_altar, roderic_roman_lattice,
          grunt_ministairs_15, uniq_edmund, uniq_pikel, uniq_natasha
D:5:      kennysheep_mini, serial_shops, nicolae_shop_behind_doors,
          portal_sewer_entry_d
D:6:      nicolae_overflow_hidden_temple, basic_altar
D:7:      kiku_gazebo_garden_becter, minmay_temple_entry_from_below_a,
          uniq_crazy_yiuf_cottage
D:8:      hangedman_pestilent_swarm, okawaru_humans
D:9:      minmay_tri_box, grunt_dithmenos_shadows, overflow_temple_1_default,
          due_lair_maze_entry_diamond, hangedman_misty_isle, uniq_joseph
D:10:     minivault_8

Action                   |  1- 3 |  4- 6 |  7- 9 || total
-------------------------+-------+-------+-------++-------
Melee: War axe           |    14 |       |       ||    14
       Hand axe          |    23 |    84 |    86 ||   193
 Abil: Device Recharging |       |     2 |     2 ||     4
Evoke: Wand              |     3 |     7 |     8 ||    18
  Use: Scroll            |       |     1 |       ||     1
       Potion            |       |       |     2 ||     2
